 Dungeon Crawl Stone Soup version 0.31-a0-1068-g5939ac1fb6 (webtiles) character file.

Game seed: 9952520844608870149

28610 kae the Severer (level 13, -9/113 HPs)
             Began as a Minotaur Fighter on Nov 23, 2023.
             Was a Priest of Qazlal.
             Mangled by a death yak simulacrum (38 damage)
             ... in a Gauntlet.
             The game lasted 00:11:48 (13966 turns).

kae the Severer (Minotaur Fighter)                 Turns: 13966, Time: 00:11:48

Health: -9/113     AC: 26    Str: 26    XL:     13   Next: 10%
Magic:  16/16      EV: 16    Int:  5    God:    Qazlal [***...]
Gold:   670        SH: 18    Dex: 13    Spells: 12/12 levels left

rFire   . . .        a - +0 war axe (freeze)
rCold   . . .        h - +3 kite shield
rNeg    + . .        f - +4 chain mail of the Twelve Beasts {rElec rN+ Dex+3}
rPois   +            A - +2 hat
rElec   +            Z - +0 cloak {rPois}
rCorr   .            (no gloves)
SInv    .            g - +2 pair of boots
Will    .....        (no amulet) Stlth
                     E - +5 ring of evasion
HPRegen 0.38/turn    O - +4 ring of protection
MPRegen 0.15/turn

%: no teleportation
@: mighty
A: horns 2, retaliatory headbutt
a: Renounce Religion, Upheaval, Elemental Force


You were in a Gauntlet.
You worshipped Qazlal.
Qazlal was most pleased with you.
You visited 3 branches of the dungeon, and saw 16 of its levels.
You also visited: Gauntlet.

You collected 1583 gold pieces.
You spent 913 gold pieces at shops.


Innate Abilities, Weirdness & Mutations

You have a pair of horns on your head.
You reflexively headbutt those who attack you in melee.


   Skills:
 + Level 10.2 Fighting
 - Level 16.0 Axes
 - Level 10.0 Armour
 + Level 8.6 Dodging
 - Level 10.0 Shields
 + Level 6.5 Invocations
 - Level 6.0 Evocations


You had 12 spell levels left.
You didn't know any spells.
Your spell library contained the following spells:

 Spells                   Type           Power      Damage    Failure   Level
 Magic Dart               Conj           0%         1d3       98%         1
 Sandblast                Erth           0%         2d4       98%         1
 Call Imp                 Summ           0%         N/A       99%         2
 Ensorcelled Hibernation  Hex/Ice        0%         N/A       99%         2
 Passwall                 Tmut/Erth      0%         N/A       99%         2
 Mephitic Cloud           Conj/Pois/Air  0%         N/A       100%        3
 Stone Arrow              Conj/Erth      0%         3d7       100%        3
 Swiftness                Air            0%         N/A       100%        3
 Tukima's Dance           Hex            0%         N/A       100%        3
 Brom's Barrelling Bould  Conj/Erth      0%         2d3       100%        4
 Dimensional Bullseye     Hex/Tloc       0%         N/A       100%        4
 Iskenderun's Mystic Bla  Conj/Tloc      0%         2d3       100%        4
 Summon Forest            Summ/Tloc      0%         N/A       100%        5
 Summon Mana Viper        Hex/Summ       0%         N/A       100%        5
 Summon Cactus Giant      Summ           0%         N/A       100%        6

Inventory:

Hand Weapons
 a - a +0 war axe of freezing (weapon)
 Y - a +0 battleaxe
   (You took it off a naga on level 3 of the Lair of Beasts)
Missiles
 l - 20 boomerangs
 p - 101 stones
 t - 19 poisoned darts
 G - 3 throwing nets {=f!f}
 K - 5 silver javelins
Armour
 b - a +0 scale mail
 c - a +1 buckler
 f - the +4 chain mail of the Twelve Beasts (worn) {rElec rN+ Dex+3}
   (You found it on level 1 of the Lair of Beasts)

   Dex+3:     It affects your dexterity (+3).
   rElec:     It insulates you from electricity.
   rN+:       It protects you from negative energy.
 g - a +2 pair of boots (worn)
   (You found it on level 4 of the Dungeon)
 h - a +3 kite shield (worn)
   (You took it off a gnoll sergeant on level 8 of the Dungeon)
 o - the +4 ring mail of Pantheism {rElec rF+++ rN+ Stlth-}
   (You found it on level 2 of the Dungeon)

   rF+++:     It renders you almost immune to fire.
   rElec:     It insulates you from electricity.
   rN+:       It protects you from negative energy.
   Stlth-:    It makes you less stealthy.
 s - a +0 leather armour
   (You bought it in a shop on level 2 of the Dungeon)
 A - a +2 hat (worn)
   (You found it on level 4 of the Dungeon)
 Z - a +0 cloak of poison resistance (worn)
   (You found it in a Gauntlet)
Magical Staves
 u - a staff of cold {!a}
   (You found it on level 3 of the Dungeon)
Jewellery
 E - a +5 ring of evasion (left hand)
   (You took it off an orc wizard on level 10 of the Dungeon)
 I - a +6 ring of intelligence
   (You found it on level 1 of the Dungeon)
 N - a ring of positive energy
   (You took it off an orc wizard on level 6 of the Dungeon)
 O - a +4 ring of protection (right hand)
   (You found it on level 9 of the Dungeon)
 R - an amulet of reflection
   (You found it on level 11 of the Dungeon)
 S - a +6 ring of strength
   (You found it on level 2 of the Dungeon)
Wands
 J - a wand of flame (19)
   (You found it on level 8 of the Dungeon)
 M - a wand of mindburst (8)
   (You found it on level 8 of the Dungeon)
 Q - a wand of roots (13)
   (You took it off an orc wizard on level 10 of the Dungeon)
 V - a wand of charming (10)
   (You found it on level 10 of the Dungeon)
Scrolls
 j - 2 scrolls of revelation
 n - 6 scrolls of teleportation {@r4}
 q - 4 scrolls of blinking {!r}
 w - 2 scrolls of immolation {!r!r}
 y - 2 scrolls of noise {!r}
 B - a scroll of amnesia
 C - 2 scrolls of fog
 D - 2 scrolls of vulnerability {!r!r}
 F - 3 scrolls of fear
 H - 2 scrolls of enchant weapon
 L - 2 scrolls of poison {!r}
 U - 4 scrolls of torment {!r}
 X - a scroll of summoning
Potions
 d - 4 potions of might
 e - 5 potions of mutation {!q}
 i - 2 potions of enlightenment
 k - 2 potions of resistance
 m - 3 potions of invisibility
 r - 3 potions of curing {@q1}
 v - a potion of berserk rage {!q}
 x - a potion of attraction {!q}
 z - 3 potions of heal wounds {@q2}
 P - 2 potions of haste {@q3}
 T - 2 potions of brilliance
 W - a potion of lignification {!q}

Dungeon Overview and Level Annotations

Branches:
Dungeon (11/15) Zot: 25834  Temple (1/1) D:6 Zot: 5998    Lair (4/5) D:9 Zot: 21747
  Swamp (0/4) Lair:3        Snake (0/4) Lair:3          Orc (0/2) D:11
Gauntlet (1/1) Zot: 5894
  Slime: Lair:4-5

Altars:
Ashenzari
Cheibriados
Dithmenos
Elyvilon
Fedhas
Gozag
Hepliaklqana
Kikubaaqudgha
Makhleb
Nemelex Xobeh
Okawaru
Qazlal
Ru
Sif Muna
Trog
Uskayaw
Vehumet
Wu Jian
Xom
Yredelemnul
Zin
The Shining One

Shops:
D:2 ?**?*   D:4 *   D:7 ?

Portals:
Ice
Cave: Lair:4

Annotations:
D:9 2 transporters Gauntlet 1 transporter

.. .. ..# #.. ..##
##.. ..#.# #^#..
..#..# #..#..
..#...# #^..#..
..#...^#^...#..
..#..^#@#...#..
..#..#ZZ○#..#..
#..#.#.....#.#...
#..##.......##...#
##..###########...##
8#.....#.©.#....≈...
#...8.#...#...≈8≈..
#.....#.©.#....≈...
##..###########...##


You could see 2 death yak simulacra.


Message History

Qazlal accepts your kill. The death yak misses you.
The death yak completely misses you. You furiously retaliate!
You headbutt the death yak!
You kill the death yak!
Qazlal accepts your kill.
A freezing mist starts to gather...
You have reached level 13!
A death yak simulacrum comes into view. 😕 HP[+7] MP[+1]
You now have 113 max hp (+7).
You regained 7 hp, and now have 95/113 hp.
Your mp is fully restored (16).
You barely miss the death yak. You slash the death yak!
You freeze the death yak. You slash the death yak simulacrum!
You block the death yak's attack. The death yak gores you.
You block the death yak simulacrum's attack. 😕 HP[-3]
You take 3 damage, and now have 92/113 hp.
Unknown command.
You slash the death yak! You freeze the death yak. You headbutt the death yak!
You hit the death yak but do no damage. You slice the death yak simulacrum!!
You block the death yak's attack. x2
Unknown command.
You slash the death yak! You freeze the death yak. You headbutt the death yak!
You hit the death yak but do no damage. You slash the death yak simulacrum!
Unknown command.
You hit the death yak. You freeze the death yak. You slice the death yak!!
You freeze the death yak. You slice the death yak simulacrum!!
You block the death yak's attack.
The death yak gores you but does no damage. 😕 HP[+1] Unknown command.
You slash the death yak! You freeze the death yak!
You kill the death yak!
Qazlal accepts your kill.
You hit the death yak. You freeze the death yak.
You hit the death yak simulacrum but do no damage.
A freezing mist starts to gather...
A death yak simulacrum comes into view.
The death yak closely misses you. The death yak simulacrum gores you!
The death yak simulacrum freezes you!
Training target 10.0 for Shields reached!
Your Fighting skill increases to level 10!
Your Shields skill increases to level 10! 😮 HP[-21]
You take 21 damage, and now have 72/113 hp.
You barely miss the death yak.
You headbutt the death yak, but do no damage.
You barely miss the death yak. You slash the death yak simulacrum!
The death yak misses you.
The death yak gores you but does no damage.
Unknown command.
You hit the death yak. You freeze the death yak. You slash the death yak!
You freeze the death yak.
You hit the death yak simulacrum but do no damage.
The death yak simulacrum barely misses you.
The death yak completely misses you. You furiously retaliate!
You headbutt the death yak!
You kill the death yak!
Qazlal accepts your kill. You block the death yak's attack.
Training target 10.0 for Armour reached!
Your Armour skill increases to level 10! 😮 HP[+1] Unknown command.
You slash the death yak! You freeze the death yak.
You hit the death yak simulacrum but do no damage.
You block the death yak simulacrum's attack.
Unknown command.
You slice the death yak!! You freeze the death yak! You headbutt the death yak!
You slash the death yak simulacrum! You block the death yak's attack.
A death yak simulacrum comes into view.
You slice the death yak!! You freeze the death yak.
You kill the death yak!
Qazlal accepts your kill.
You hit the death yak simulacrum. x2; A freezing mist starts to gather...
A death yak simulacrum comes into view.
The death yak simulacrum gores you but does no damage.
You block the death yak simulacrum's attack.
Unknown command.
You slash the death yak simulacrum! You headbutt the death yak simulacrum.
You hit the death yak simulacrum but do no damage.
You slice the death yak simulacrum!!
You block the death yak simulacrum's attack. 😮 HP[+1]
You hit the death yak simulacrum. You headbutt the death yak simulacrum!!
You slash the death yak simulacrum! You hit the death yak simulacrum.
The death yak simulacrum gores you. The death yak simulacrum freezes you!!!
* * * LOW HITPOINT WARNING * * *
You block the death yak simulacrum's attack. 😨 HP[-42]
You take 42 damage, and now have 32/113 hp.
MASSIVE DAMAGE!! (PAUSE)
You slice the death yak simulacrum!! x2
You completely miss the death yak simulacrum.
You hit the death yak simulacrum. You headbutt the death yak simulacrum!
You hit the death yak simulacrum. The death yak simulacrum gores you.
* * * LOW HITPOINT WARNING * * *
The death yak simulacrum freezes you!!!
You die...

Skill      XL: |  1  2  3  4  5  6  7  8  9 10 11 12 13 |
---------------+----------------------------------------+-----
Axes           | 3 4 5 6 7 9 11 14 16 | 16.0
Dodging        | 2 4 6 8 |  8.6
Fighting       | 4 6 8 9 10 | 10.2
Shields        | 4 6 8 9 10 | 10.0
Armour         | 4 6 8 9 10 | 10.0
Evocations     | 1 3 5 6 |  6.0
Invocations    | 1 4 6 |  6.5

Action                     |  1- 3 |  4- 6 |  7- 9 | 10-12 | 13-15 || total
---------------------------+-------+-------+-------+-------+-------++-------
  Melee: War axe           |    85 |    70 |   310 |   546 |    14 ||  1025
         Headbutt          |     7 |    11 |    37 |   103 |     7 ||   165
    Use: Scroll            |     1 |    13 |     6 |    13 |       ||    33
         Potion            |       |       |       |     1 |       ||     1
 Armour: Scale mail        |    53 |       |       |       |       ||    53
         Ring mail         |     2 |    48 |   214 |   216 |       ||   480
         Chain mail        |       |       |       |    62 |     7 ||    69
  Dodge: Dodged            |    37 |    33 |   105 |   246 |     4 ||   425
  Block: Buckler           |    17 |     8 |    56 |    75 |       ||   156
         Kite shield       |       |       |       |   211 |    11 ||   222

Levels and vault maps discovered:
D:1:      minmay_arrival_stair_chambers, layout_loops_ring
D:2:      layout_loops_ring, serial_shops, nicolae_shop_tiny_glass, shop,
          nicolae_shop_waterfront, shop, shop
D:3:      layout_loops_cross, lemuel_zombie_altar_kikubaaqudgha,
          nicolae_ashenzari_panopticon, gammafunk_temple_overflow_elements,
          kennysheep_orc_chapel
D:4:      layout_layer_cave, serial_shops, shop, serial_glass, glass_columns_b,
          glass_columns_b, glass_columns_a, glass_columns_c, glass_columns_b,
          glass_columns_c, hellmonk_no_cap, uniq_menkaure, uniq_edmund
D:5:      layout_basic, grunt_gozag_statues
D:6:      layout_rooms, lemuel_tele_altar, minitemple, temple_green
D:7:      layout_cave_pools, serial_gnoll_camp, gnoll_camp_mini_house,
          gnoll_camp_mini_shop, gnoll_camp_mini_hut, gnoll_camp_mini_house,
          gnoll_camp_mini_basic
D:8:      layout_rooms
D:9:      gammafunk_wand_slinger, layout_basic, mainiacjoe_overflow_paths,
          grunt_qazlal_clouds
D:10:     layout_gridville, uniq_maggie
D:11:     layout_gridville, erik_orc_1
Temple:   nicolae_temple_slightly_damp_pantheon
Lair:1:   layout_small_grid, uniq_amaemon
Lair:2:   layout_big_grid, serial_bayou_shore_b
Lair:3:   layout_regular_city, alex1729_swamp_entry_worm_eleionoma,
          minmay_snake_entry_guardpost_small, gauntlet_entry_generic,
          nzn_masters_of_martial_movement
Lair:4:   layout_misc_corridors, minmay_slime_entry_oklob_enclosed, special_room
          [special_room_bee], portal_ice_cave_entry_pillars_2
Gauntlet: gammafunk_gauntlet_hard_choice [gammafunk_gauntlet_arena_teeth,
          gammafunk_gauntlet_arena_mazey, gammafunk_gauntlet_arena_chambers,
          gammafunk_gauntlet_arena_grid,
          minmay_gauntlet_arena_make_your_own_arena, nicolae_gauntlet_arena_x,
          dreamdust_gauntlet_exit_labyrinth]

Notes
Turn   | Place    | Note
-------+----------+-------------------------------------------
     0 | D:1      | kae the Minotaur Fighter began the quest for the Orb.
     0 | D:1      | Reached XP level 1. HP: 19/19 MP: 0/0
     0 | D:1      | magus.rc [v1.11.3]
   168 | D:1      | Reached skill level 3 in Axes
   207 | D:1      | Reached XP level 2. HP: 26/26 MP: 1/1
   838 | D:2      | Reached skill level 4 in Axes
   880 | D:2      | Found Gogeug's Assorted Antiques.
   884 | D:2      | Bought a fizzy orange potion for 21 gold pieces
   941 | D:2      | Identified the +4 ring mail of Pantheism {rElec rF+++ rN+
                  | Stlth-}
  1006 | D:2      | You pick up a book of Geomancy and begin reading...
  1006 | D:2      | You add the spells Sandblast, Passwall, Stone Arrow and
                  | Brom's Barrelling Boulder to your library.
  1084 | D:2      | Reached XP level 3. HP: 28/31 MP: 2/2
  1093 | D:2      | Found Tadoxtau's Magic Scroll Shop.
  1096 | D:2      | Found Piycob's Assorted Antiques.
  1100 | D:2      | Bought a scroll of identify for 22 gold pieces
  1163 | D:2      | Found Mowilaip's Magic Scroll Boutique.
  1259 | D:2      | Found Imyfongo's General Store.
  1407 | D:2      | Reached skill level 5 in Axes
  1584 | D:3      | Reached XP level 4. HP: 39/39 MP: 3/3
  1598 | D:3      | Found a broken altar of Ashenzari.
  1666 | D:3      | Reached skill level 6 in Axes
  1670 | D:3      | HP: 8/39 [poisoned by an orc]
  1886 | D:3      | Reached XP level 5. HP: 43/45 MP: 4/4
  1974 | D:3      | Reached skill level 7 in Axes
  2268 | D:3      | Found an ancient bone altar of Kikubaaqudgha.
  2496 | D:3      | Found a bloodstained altar of Trog.
  2496 | D:3      | Found a glowing golden altar of the Shining One.
  2641 | D:4      | Identified a scroll of acquirement
  2641 | D:4      | Acquired 717 gold pieces
  2685 | D:2      | Bought a scroll of brand weapon for 95 gold pieces
  2685 | D:2      | Bought a scroll of identify for 20 gold pieces
  2685 | D:2      | Bought a scroll of revelation for 75 gold pieces
  2685 | D:2      | Bought a scroll of teleportation for 30 gold pieces
  2718 | D:2      | Bought a scroll of teleportation for 33 gold pieces
  2718 | D:2      | Bought a scroll of teleportation for 33 gold pieces
  2718 | D:2      | Bought a scroll of identify for 22 gold pieces
  2718 | D:2      | Bought a scroll of enchant armour for 82 gold pieces
  2718 | D:2      | Bought a scroll of blinking for 82 gold pieces
  2744 | D:2      | Bought a +0 leather armour for 26 gold pieces
  2774 | D:2      | Bought a dark potion for 27 gold pieces
  2804 | D:2      | Bought a scroll of identify for 26 gold pieces
  2804 | D:2      | Bought a scroll of identify for 26 gold pieces
  2804 | D:2      | Bought a scroll of identify for 26 gold pieces
  2804 | D:2      | Bought a scroll of blinking for 97 gold pieces
  2826 | D:2      | Bought a scroll labelled CABBAC ATIOV for 24 gold pieces
  2881 | D:4      | Noticed an ogre
  2936 | D:4      | Noticed Edmund
  2997 | D:4      | Noticed an ogre
  3007 | D:4      | Killed an ogre
  3008 | D:4      | Reached XP level 6. HP: 29/51 MP: 5/5
  3191 | D:4      | Noticed Menkaure
  3197 | D:4      | Killed Menkaure
  3198 | D:4      | Reached skill level 8 in Axes
  3206 | D:4      | Reached skill level 9 in Axes
  3206 | D:4      | Reached XP level 7. HP: 42/57 MP: 6/6
  3343 | D:4      | Found Hauqifug's General Store.
  3351 | D:4      | Bought a scroll of noise for 13 gold pieces
  3621 | D:4      | Killed Edmund
  3622 | D:4      | Reached skill level 10 in Axes
  4208 | D:5      | Entered Level 5 of the Dungeon
  4526 | D:5      | Reached skill level 11 in Axes
  4535 | D:5      | Reached XP level 8. HP: 51/64 MP: 7/7
  4676 | D:5      | Found an opulent altar of Gozag.
  4981 | D:5      | Reached skill level 12 in Axes
  5352 | D:6      | Reached skill level 13 in Axes
  5668 | D:6      | Reached skill level 14 in Axes
  5668 | D:6      | Reached XP level 9. HP: 65/70 MP: 8/8
  5807 | D:6      | Found a hide-covered altar of Uskayaw.
  5808 | D:6      | Found a shimmering blue altar of Sif Muna.
  5820 | D:6      | Reached skill level 15 in Axes
  6001 | D:6      | Found a staircase to the Ecumenical Temple.
  6032 | Temple   | Entered the Ecumenical Temple
  6185 | D:6      | Found a blossoming altar of Fedhas.
  6211 | D:6      | You pick up a book of Burglary and begin reading...
  6211 | D:6      | You add the spells Ensorcelled Hibernation and Swiftness to
                  | your library.
  6467 | D:7      | Reached skill level 16 in Axes
  6553 | D:7      | You pick up a book of the Wilderness and begin reading...
  6553 | D:7      | You add the spells Summon Forest, Summon Mana Viper and
                  | Summon Cactus Giant to your library.
  6816 | D:7      | Reached skill level 1 in Dodging
  6843 | D:7      | Reached skill level 4 in Fighting
  6843 | D:7      | Reached skill level 4 in Shields
  6850 | D:7      | Reached skill level 4 in Armour
  6850 | D:7      | Reached skill level 1 in Evocations
  7186 | D:7      | Found Gicasch's Magic Scroll Shop.
  7192 | D:7      | Bought a scroll of enchant weapon for 105 gold pieces
  7192 | D:7      | Bought a scroll of identify for 28 gold pieces
  7446 | D:8      | Reached skill level 2 in Dodging
  7446 | D:8      | Reached XP level 10. HP: 80/80 MP: 9/9
  7571 | D:8      | Reached skill level 2 in Evocations
  7706 | D:8      | You pick up a book of Minor Magic and begin reading...
  7706 | D:8      | You add the spells Magic Dart, Call Imp and Mephitic Cloud
                  | to your library.
  7731 | D:8      | Reached skill level 5 in Fighting
  7823 | D:8      | Reached skill level 5 in Armour
  7823 | D:8      | Reached skill level 5 in Shields
  7851 | D:8      | Reached skill level 3 in Dodging
  7910 | D:8      | You pick up a book of Weapons and begin reading...
  7910 | D:8      | You add the spells Tukima's Dance, Dimensional Bullseye and
                  | Iskenderun's Mystic Blast to your library.
  8189 | D:9      | Reached skill level 3 in Evocations
  8442 | D:9      | Reached skill level 4 in Dodging
  8448 | D:9      | Reached skill level 6 in Fighting
  8533 | D:9      | Found a transporter.
  8581 | D:9      | Found a transporter.
  8587 | D:9      | Identified the +0 pair of gloves of the Bagpipe {Str+3
                  | Stlth+}
  8601 | D:9      | Noticed an orc sorcerer
  8604 | D:9      | Noticed a deep elf knight
  8809 | D:9      | Found an ornate altar of the Wu Jian Council.
  8830 | D:9      | Found a stormy altar of Qazlal.
  8876 | D:9      | Found a staircase to the Lair.
  8893 | D:9      | Became a worshipper of Qazlal Stormbringer
  9053 | D:10     | Entered Level 10 of the Dungeon
  9062 | D:10     | Reached skill level 6 in Armour
  9062 | D:10     | Reached skill level 6 in Shields
  9196 | D:10     | Noticed a two-headed ogre
  9207 | D:10     | Reached skill level 1 in Invocations
  9207 | D:10     | Killed a two-headed ogre
  9210 | D:10     | Reached XP level 11. HP: 25/91 MP: 9/11
  9211 | D:10     | HP: 21/91 [something (5)]
  9215 | D:10     | HP: 6/91 [something (8)]
  9865 | D:10     | Noticed Maggie
  9870 | D:10     | Killed Maggie
 10000 | D:10     | Reached skill level 5 in Dodging
 10000 | D:10     | Reached skill level 2 in Invocations
 10000 | D:10     | Reached skill level 4 in Evocations
 10506 | D:11     | Reached skill level 7 in Fighting
 10563 | D:11     | Reached skill level 7 in Armour
 10563 | D:11     | Reached skill level 7 in Shields
 10639 | D:11     | Reached * piety under Qazlal
 10862 | D:11     | Reached skill level 3 in Invocations
 11067 | D:11     | Found a staircase to the Orcish Mines.
 11460 | Lair:1   | Entered Level 1 of the Lair of Beasts
 11564 | Lair:1   | Reached skill level 6 in Dodging
 11734 | Lair:1   | Noticed Amaemon
 11749 | Lair:1   | Reached ** piety under Qazlal
 11758 | Lair:1   | Killed Amaemon
 11759 | Lair:1   | Reached skill level 8 in Fighting
 11759 | Lair:1   | Reached skill level 5 in Evocations
 11991 | Lair:1   | Reached skill level 8 in Shields
 11991 | Lair:1   | Reached skill level 4 in Invocations
 12328 | Lair:1   | Identified the +4 chain mail of the Twelve Beasts {rElec
                  | rN+ Dex+3}
 12479 | Lair:1   | Reached skill level 8 in Armour
 12777 | Lair:2   | Reached XP level 12. HP: 102/102 MP: 14/14
 12918 | Lair:2   | Reached skill level 7 in Dodging
 13017 | Lair:2   | Noticed a death yak
 13018 | Lair:2   | Noticed a death yak
 13018 | Lair:2   | Noticed a death yak
 13019 | Lair:2   | Noticed a death yak
 13019 | Lair:2   | Noticed a death yak
 13028 | Lair:2   | Killed a death yak
 13038 | Lair:2   | Killed a death yak
 13039 | Lair:2   | Reached skill level 5 in Invocations
 13042 | Lair:2   | Killed a death yak
 13043 | Lair:2   | Reached skill level 9 in Fighting
 13044 | Lair:2   | HP: 26/104 [death yak (19)]
 13049 | Lair:2   | Killed a death yak
 13050 | Lair:2   | Reached skill level 9 in Armour
 13050 | Lair:2   | Reached skill level 9 in Shields
 13054 | Lair:2   | Killed a death yak
 13055 | Lair:2   | Reached skill level 6 in Evocations
 13755 | Lair:3   | You fall into a shaft and drop 1 floor!
 13757 | Lair:4   | Found a frozen archway.
 13776 | Lair:3   | Found a staircase to the Snake Pit.
 13836 | Lair:3   | Found a gate leading to a gauntlet.
 13852 | Lair:3   | Reached skill level 8 in Dodging
 13854 | Gauntlet | Entered a Gauntlet
 13854 | Gauntlet | Noticed a death scarab
 13854 | Gauntlet | Found a transporter.
 13854 | Gauntlet | Found a transporter.
 13854 | Gauntlet | Found a transporter.
 13871 | Gauntlet | Found a transporter.
 13891 | Gauntlet | Found a transporter.
 13896 | Gauntlet | Reached *** piety under Qazlal
 13912 | Gauntlet | Reached skill level 6 in Invocations
 13918 | Gauntlet | Found a transporter.
 13924 | Gauntlet | Noticed a death yak
 13930 | Gauntlet | Noticed a death yak
 13931 | Gauntlet | Noticed a death yak
 13932 | Gauntlet | Noticed a death yak
 13933 | Gauntlet | Noticed a death yak
 13936 | Gauntlet | Noticed a death yak
 13948 | Gauntlet | Killed a death yak
 13950 | Gauntlet | Killed a death yak
 13952 | Gauntlet | Killed a death yak
 13953 | Gauntlet | Reached XP level 13. HP: 95/113 MP: 16/16
 13958 | Gauntlet | Reached skill level 10 in Fighting
 13958 | Gauntlet | Reached skill level 10 in Shields
 13960 | Gauntlet | Reached skill level 10 in Armour
 13966 | Gauntlet | Mangled by a death yak simulacrum

Vanquished Creatures
  A two-headed ogre (D:10)
  11 death yaks
  Amaemon (Lair:1)
  A skyshark (Lair:2)
  A necromancer (Gauntlet)
  A black mamba (Lair:3)
  6 cane toads
  An orange demon (Lair:1)
  Maggie (D:10)
  A kobold demonologist (D:9)
  A komodo dragon (Lair:1)
  A torpor snail (Gauntlet)
  An unseen horror (D:10)
  A queen bee (Gauntlet)
  A hornet (D:10)
  2 polar bears
  3 blink frogs (Lair:2)
  A shadow (D:10)
  43 yaks
  Edmund (D:4)
  Menkaure (D:4)
  2 vampire mosquitoes (D:11)
  A steam dragon (D:9)
  3 nagas (Lair:3)
  2 acid dragons (D:11)
  10 water moccasins
  5 orc warriors
  A swamp drake (D:11)
  An ice beast (D:8)
  A sky beast (D:6)
  2 black bears
  4 ogres
  16 wolves
  4 centaurs
  A phantom (D:5)
  A kobold brigand (D:8)
  7 bullfrogs
  4 gnoll sergeants
  2 scorpions
  8 wights (D:8)
  13 killer bees
  7 hounds
  A jelly (D:7)
  12 orc priests
  3 gnoll boudas
  3 sleepcaps
  5 iguanas
  25 orc wizards
  22 gnolls
  8 adders
  A shadow imp (D:7)
  A white imp (D:4)
  2 ufetubi (D:5)
  A worm (D:3)
  A dart slug (D:3)
  74 orcs
  6 ball pythons
  2 bat zombies (D:3)
  10 endoplasms
  3 giant cockroaches
  6 goblins
  6 hobgoblins
  8 jackals
  6 kobolds
  A quokka (D:1)
  7 bats
  3 frilled lizards
  4 rats
397 creatures vanquished.

Table legend:
 A = Non-vault XP
 B = Vault XP
 C = Vault XP percentage of total XP
 D = Non-vault monster count
 E = Vault monster count
 F = Vault count percentage of total count
                 A         B        C        D         E       F
            +---------+---------+-------+---------+---------+-------
      Total |   30245 |   10627 |  26.0 |     327 |      70 |  17.6
            +---------+---------+-------+---------+---------+-------
        D:1 |      23 |       0 |   0.0 |      15 |       0 |   0.0
        D:2 |      64 |       0 |   0.0 |      24 |       0 |   0.0
        D:3 |     169 |      53 |  23.9 |      23 |       6 |  20.7
        D:4 |     398 |     399 |  50.1 |      15 |       5 |  25.0
        D:5 |     692 |       0 |   0.0 |      26 |       0 |   0.0
        D:6 |    2395 |       0 |   0.0 |      33 |       0 |   0.0
        D:7 |     750 |     507 |  40.3 |      27 |      17 |  38.6
        D:8 |    1800 |       0 |   0.0 |      36 |       0 |   0.0
        D:9 |    1820 |       0 |   0.0 |      23 |       0 |   0.0
       D:10 |    2742 |     395 |  12.6 |      19 |       1 |   5.0
       D:11 |    3553 |     584 |  14.1 |      27 |      17 |  38.6
     Lair:1 |    3136 |    1181 |  27.4 |      13 |       2 |  13.3
     Lair:2 |   10569 |       0 |   0.0 |      34 |       0 |   0.0
     Lair:3 |    1548 |     483 |  23.8 |       7 |       3 |  30.0
     Lair:4 |     586 |       0 |   0.0 |       5 |       0 |   0.0
   Gauntlet |       0 |    7025 | 100.0 |       0 |      19 | 100.0
            +---------+---------+-------+---------+---------+-------

Skill      XL: |  1  2  3  4  5  6  7  8  9 10 11 12 13 |
---------------+----------------------------------------+-----
Axes           | 3 4 5 6 7 9 11 14 16 | 16.0
Dodging        | 2 4 6 8 |  8.6
Fighting       | 4 6 8 9 10 | 10.2
Shields        | 4 6 8 9 10 | 10.0
Armour         | 4 6 8 9 10 | 10.0
Evocations     | 1 3 5 6 |  6.0
Invocations    | 1 4 6 |  6.5

Action                     |  1- 3 |  4- 6 |  7- 9 | 10-12 | 13-15 || total
---------------------------+-------+-------+-------+-------+-------++-------
  Melee: War axe           |    85 |    70 |   310 |   546 |    14 ||  1025
         Headbutt          |     7 |    11 |    37 |   103 |     7 ||   165
    Use: Scroll            |     1 |    13 |     6 |    13 |       ||    33
         Potion            |       |       |       |     1 |       ||     1
 Armour: Scale mail        |    53 |       |       |       |       ||    53
         Ring mail         |     2 |    48 |   214 |   216 |       ||   480
         Chain mail        |       |       |       |    62 |     7 ||    69
  Dodge: Dodged            |    37 |    33 |   105 |   246 |     4 ||   425
  Block: Buckler           |    17 |     8 |    56 |    75 |       ||   156
         Kite shield       |       |       |       |   211 |    11 ||   222

Illustrated notes

Table legend:
 A = Kills in this place as a percentage of kills in the entire game.
 B = Kills by you in this place as a percentage of kills by you in the entire game.
 C = Kills by friends in this place as a percentage of kills by friends in the entire game.
 D = Other kills in this place as a percentage of other kills in the entire game.
 E = Experience gained in this place as a percentage of experience gained in the entire game.
 F = Experience gained in this place divided by the number of levels of this place that you have seen.
                   A       B       C       D       E      F
               +-------+-------+-------+-------+-------+----------------------
         Total | 100.0 | 100.0 |   N/A |   N/A | 100.0 | 2404.2
       Dungeon |  79.1 |  79.1 |   N/A |   N/A |  40.0 | 1485.8
          Lair |  16.1 |  16.1 |   N/A |   N/A |  42.8 | 4375.8
      Gauntlet |   4.8 |   4.8 |   N/A |   N/A |  17.2 | 7025.0
               +-------+-------+-------+-------+-------+----------------------

Table legend: (Time is in decaauts)
 A = Elapsed time spent in this place.
 B = Non-inter-level travel time spent in this place.
 C = Inter-level travel time spent in this place.
 D = Time resting spent in this place.
 E = Time spent auto-exploring this place.
 F = Levels seen in this place.
 G = Mean time per level.
                   A        B        C        D        E       F      G
               +--------+--------+--------+--------+--------+-----+--------+
         Total |  13830 |  12908 |    922 |    860 |  10100 |  17 |  813.5 |
       Dungeon |  11471 |  10697 |    774 |    659 |   8511 |  11 | 1042.8 |
        Temple |      1 |      0 |      1 |      0 |      0 |   1 |    1.0 |
          Lair |   2252 |   2106 |    146 |    201 |   1589 |   4 |  563.0 |
      Gauntlet |    104 |    104 |      0 |      0 |      0 |   1 |  104.0 |
               +--------+--------+--------+--------+--------+-----+--------+

Top non-repeatable levels by time:
    D:10: 1321 daAuts
     D:4: 1261 daAuts
     D:3: 1208 daAuts
  Lair:1: 1189 daAuts
     D:5: 1079 daAuts
     D:7: 1060 daAuts
     D:6: 1039 daAuts
    D:11: 1007 daAuts
     D:9: 1002 daAuts
     D:2: 958 daAuts
  Lair:2: 910 daAuts
     D:1: 825 daAuts
     D:8: 707 daAuts
  Lair:3: 133 daAuts
Gauntlet: 104 daAuts
